Map: Ephemeron LE

Players

Enrique (Quantel) - Winner!

  • Race: Protoss Protoss
  • Spawn Location: 5:00

Kopankiewicz (Blysk)

  • Race: Protoss Protoss
  • League: Bronze
  • Spawn Location: 11:00

Event: SEA Games 2019

VOD

https://youtu.be/1x-WituUzIA

Description

Time

  • Played on: Dec. 5, 2019, 3:22 a.m.
  • Length: 5:53

All games in this series

Show
View Real Time Build Order
Export as new Build Order

Enrique Protoss - Winner!

Build Orders:  

Get SALT Encoding   

  12  0:00  Probe  
  13  0:12  Probe  
  14  0:18  Pylon  
  14  0:24  Probe (Chrono Boost)  
  15  0:38  Probe (Chrono Boost), Gateway  
  16  0:43  Probe (Chrono Boost)  
  16  0:46  Assimilator  
  17  0:52  Probe (Chrono Boost)  
  17  0:55  Assimilator  
  19  1:04  Probe (Chrono Boost)  
  19  1:08  Gateway  
  19  1:13  Probe (Chrono Boost)  
  20  1:18  Probe  
  21  1:26  Cybernetics Core  
  21  1:30  Probe  
  22  1:42  Probe, Pylon  
  23  2:03  Robotics Facility  
  23  2:04  Warp Gate  
  23  2:05  Stalker  
  25  2:10  Stalker  
  27  2:20  Pylon  
  27  2:36  Stalker  
  29  2:40  Stalker  
  30  2:48  Immortal (Chrono Boost)  
  34  3:05  Pylon  
  34  3:17  Warp Prism (Chrono Boost)  
  34  3:46  Immortal  
  38  3:53  Stalker x2  
  42  3:57  Pylon  
  42  4:12  Gateway  
  42  4:16  Sentry x2  
  46  4:27  Immortal (Chrono Boost)  
  50  4:41  Adept x2  
  50  5:02  Pylon  
  50  5:06  Adept x2  
  52  5:28  Adept x3  
Show
View Real Time Build Order
Export as new Build Order

Kopankiewicz Protoss 

Build Orders: Blink Stalkers 

Get SALT Encoding   

  12  0:00  Probe  
  13  0:12  Probe  
  14  0:17  Pylon  
  14  0:24  Probe (Chrono Boost)  
  15  0:37  Probe (Chrono Boost), Gateway  
  16  0:45  Probe (Chrono Boost)  
  16  0:48  Assimilator  
  17  0:51  Probe  
  17  0:55  Assimilator  
  18  1:04  Probe (Chrono Boost)  
  19  1:09  Gateway  
  19  1:16  Probe (Chrono Boost)  
  20  1:21  Probe (Chrono Boost)  
  20  1:25  Cybernetics Core  
  21  1:30  Probe  
  22  1:34  Pylon  
  22  1:42  Probe  
  23  1:52  Gateway  
  23  2:01  Stalker  
  23  2:03  Warp Gate (Chrono Boost), Stalker  
  27  2:11  Probe  
  28  2:17  Pylon  
  28  2:27  Pylon  
  28  2:31  Stalker  
  30  2:38  Stalker  
  30  2:42  Stalker  
  34  2:52  Twilight Council  
  33  2:59  Shield Battery  
  33  3:29  Nexus  
  32  3:41  Pylon  
  32  3:49  Sentry  
  32  3:50  Stalker  
  32  3:55  Blink (Chrono Boost)  
  36  4:07  Stalker  
  38  4:12  Probe  
  39  4:25  Robotics Facility  
  39  4:33  Stalker x2  
  39  4:34  Pylon  
  43  4:44  Gateway  
  41  4:47  Pylon  
  41  4:58  Adept x2  
  41  5:23  Stalker x2  
  16  5:43  Stalker  
Tags
 
Add a new tag
Caveats
  • Supply blocks, unpowered buildings, or Contaminate may cause inaccurate times.
  • Supply counts are checked every 10 seconds.